Map: Deathaura LE

Players

GunGFuBanDa

  • Race: Protoss Protoss
  • League: Master
  • Spawn Location: 11:00

ShoWTimE - Winner!

  • Race: Protoss Protoss
  • Spawn Location: 5:00

Event: DreamHack SC2 Masters 2020 Summer Europe

VOD

Have the link to the VOD?

Description

Time

  • Played on: July 1, 2020, 10:36 a.m.
  • Length: 21:10

All games in this series

Show
View Real Time Build Order
Export as new Build Order

GunGFuBanDa Protoss 

Build Orders: Zealot Archon 

Get SALT Encoding   

  12  0:00  Probe  
  13  0:13  Probe  
  14  0:17  Pylon  
  14  0:24  Probe  
  15  0:32  Probe  
  15  0:37  Gateway  
  15  0:40  Probe  
  16  0:45  Assimilator  
  17  0:51  Probe  
  17  0:53  Assimilator  
  18  0:59  Probe  
  19  1:07  Probe  
  19  1:08  Gateway  
  19  1:17  Probe  
  20  1:25  Cybernetics Core  
  21  1:29  Probe  
  22  1:33  Pylon  
  22  1:42  Probe  
  24  2:01  Stalker x2, Warp Gate  
  27  2:12  Probe  
  28  2:22  Pylon  
  28  2:31  Sentry  
  30  2:39  Nexus  
  30  2:40  Sentry  
  32  2:49  Probe  
  33  2:52  Shield Battery  
  33  2:58  Sentry  
  35  3:01  Probe  
  35  3:04  Pylon  
  36  3:12  Robotics Facility  
  36  3:15  Probe  
  37  3:23  Probe  
  37  3:31  Forge, Probe  
  39  3:43  Probe  
  39  3:48  Probe  
  40  3:55  Probe  
  42  3:56  Probe  
  42  4:00  Protoss Ground Weapons Level 1  
  42  4:01  Observer  
  44  4:05  Probe  
  44  4:07  Stalker, Probe  
  44  4:08  Stalker  
  50  4:14  Probe  
  50  4:19  Probe  
  50  4:22  Probe  
  50  4:23  Pylon  
  53  4:31  Immortal, Probe  
  53  4:32  Probe  
  59  4:42  Pylon  
  59  4:43  Probe  
  59  4:44  Probe  
  61  4:47  Gateway  
  61  4:50  Gateway  
  61  4:55  Probe  
  61  4:56  Probe  
  63  5:08  Probe x2  
  65  5:14  Adept  
  65  5:18  Assimilator x2  
  65  5:19  Adept  
  65  5:21  Immortal  
  71  5:22  Twilight Council  
  71  5:26  Pylon  
  71  5:28  Pylon  
  69  5:35  Protoss Ground Weapons Level 2  
  73  5:43  Pylon  
  73  5:44  Probe  
  72  5:53  Charge  
  70  6:03  Templar Archives  
  70  6:06  Nexus  
  70  6:08  Pylon  
  70  6:10  Probe x2  
  72  6:17  Gateway  
  72  6:18  Gateway  
  72  6:23  Probe  
  70  6:33  Probe  
  70  6:35  Gateway, Probe  
  70  6:36  Gateway  
  70  6:39  Pylon  
  72  6:44  Warp Prism  
  74  6:48  Probe x2  
  74  6:53  Observer  
  76  6:58  Shield Battery  
  76  7:00  High Templar, Probe  
  76  7:01  High Templar, Zealot  
  83  7:04  Archon  
  83  7:06  Observer, High Templar  
  85  7:09  Probe  
  85  7:10  Pylon  
  85  7:12  Probe  
  87  7:24  Zealot x2  
  87  7:25  Zealot  
  87  7:28  Probe x2  
  87  7:29  Probe  
  94  7:31  Assimilator  
  94  7:33  High Templar, Pylon  
  94  7:34  High Templar x2  
  94  7:36  Protoss Ground Weapons Level 3, Observer  
  94  7:37  Assimilator, Archon  
  100  7:38  Archon  
  100  7:41  Zealot x2  
  104  7:44  Pylon  
  104  7:46  Immortal  
  108  7:52  Photon Cannon  
  108  7:54  Pylon  
  108  8:05  Zealot  
  108  8:06  Pylon  
  108  8:07  Probe  
  108  8:09  Observer  
  108  8:10  High Templar x2, Zealot x2  
  108  8:11  Zealot x3  
  123  8:15  Archon  
  123  8:26  Photon Cannon  
  123  8:29  Probe  
  123  8:30  Probe  
  124  8:40  Nexus  
  122  8:45  Probe  
  122  8:47  High Templar x2  
  122  8:48  Zealot x4  
  135  8:50  Pylon  
  135  8:51  Archon  
  135  9:00  Dark Shrine  
  135  9:03  Robotics Bay  
  135  9:08  Shield Battery  
  135  9:16  High Templar x2  
  139  9:17  Zealot x4  
  139  9:21  Archon  
  139  9:22  Photon Cannon  
  147  9:27  Probe  
  148  9:31  Photon Cannon  
  148  9:34  Pylon  
  148  9:36  High Templar x2  
  152  9:41  Archon  
  152  9:43  Zealot x4  
  152  9:44  Disruptor  
  160  9:59  Blink  
  163  10:09  Protoss Shields Level 1  
  163  10:12  High Templar x2  
  163  10:13  Zealot x6  
  174  10:14  Probe  
  174  10:15  Probe x2  
  174  10:16  Archon  
  174  10:18  Assimilator  
  174  10:19  Assimilator  
  174  10:26  Warp Prism  
  176  10:38  Robotics Facility  
  176  10:48  Zealot x3  
  176  10:49  Zealot x3  
  188  10:55  Disruptor  
  182  11:00  Stargate  
  167  11:13  Zealot x8  
  84  11:41  High Templar  
  84  11:42  Sentry, High Templar x3  
  84  11:43  Zealot x3  
  84  11:44  Disruptor  
  100  11:47  Photon Cannon  
  100  11:48  Observer  
  100  11:49  Photon Cannon, Archon  
  100  11:50  Archon  
  100  11:52  Shield Battery  
  101  12:04  Stalker, High Templar x2  
  101  12:06  Disruptor, Probe  
  108  12:09  Archon, Protoss Shields Level 2  
  108  12:13  Zealot  
  113  12:18  Shield Battery  
  113  12:20  Disruptor  
  113  12:22  Dark Templar x2  
  118  12:23  Dark Templar x2  
  124  12:32  Pylon  
  124  12:36  Gateway  
  124  12:41  Gateway  
  124  12:42  Photon Cannon  
  124  12:47  Gravitic Drive, Nexus  
  123  12:59  High Templar x2, Zealot x2  
  123  13:00  Zealot x4  
  139  13:05  Archon  
  139  13:10  Fleet Beacon  
  135  13:24  Mothership  
  125  13:30  Disruptor x2  
  129  13:50  Probe  
  138  13:58  Stalker x8  
  138  14:02  Carrier  
  154  14:03  Nexus  
  154  14:05  Pylon  
  137  14:23  Disruptor  
  146  14:28  Photon Cannon  
  146  14:29  Protoss Shields Level 3, Shield Battery  
  135  14:39  Dark Templar, Zealot x2  
  135  14:43  Photon Cannon  
  135  15:02  Dark Templar, Zealot  
  135  15:03  Zealot x3  
  135  15:05  Dark Templar x3, Zealot x2  
  135  15:06  Carrier  
  143  15:36  Archon  
  143  15:46  Nexus  
  143  15:47  Pylon  
  143  15:58  Observer  
  143  16:01  Stalker x8  
  153  16:16  Dark Templar  
  153  16:17  Zealot  
  157  16:24  Zealot x3  
  157  16:25  Zealot x5  
  150  16:44  Observer  
  133  16:58  Probe x2  
  133  16:59  Dark Templar x2, Zealot  
  133  17:00  Zealot x3  
  137  17:09  Probe  
  138  17:17  Probe x2  
  138  17:26  High Templar x4  
  138  17:27  High Templar x2  
  150  17:30  Archon x2  
  150  17:31  Archon  
  130  18:09  High Templar  
  130  18:10  High Templar  
  134  18:13  Pylon  
  134  18:14  Archon, Pylon  
  134  18:15  Phoenix  
  134  18:33  Dark Templar  
  134  18:34  Nexus, High Templar x4  
  138  18:38  Archon x2  
  132  19:17  Stalker x7  
  132  19:18  Stalker  
Show
View Real Time Build Order
Export as new Build Order

ShoWTimE Protoss - Winner!

Build Orders: Phoenix Opening, Zealot Archon 

Get SALT Encoding   

  12  0:00  Probe  
  13  0:12  Probe  
  14  0:18  Pylon  
  14  0:24  Probe  
  15  0:32  Probe  
  15  0:37  Gateway  
  15  0:40  Probe  
  16  0:46  Assimilator  
  17  0:51  Probe  
  17  0:54  Assimilator  
  18  0:59  Probe  
  19  1:07  Probe  
  19  1:08  Gateway  
  19  1:17  Probe  
  20  1:24  Cybernetics Core  
  21  1:29  Probe  
  22  1:34  Pylon  
  22  1:41  Probe  
  23  1:50  Warp Gate  
  23  1:53  Probe  
  24  2:00  Stalker x2  
  28  2:05  Probe  
  29  2:15  Pylon  
  29  2:18  Probe  
  30  2:33  Sentry x2  
  34  2:47  Nexus  
  34  2:49  Probe  
  34  2:55  Shield Battery  
  34  3:01  Sentry, Probe  
  37  3:07  Phoenix  
  37  3:08  Pylon  
  37  3:10  Probe  
  37  3:18  Probe  
  39  3:28  Probe  
  39  3:29  Twilight Council  
  40  3:40  Stalker, Probe  
  43  3:45  Stalker  
  45  3:52  Probe  
  45  3:54  Probe  
  46  4:01  Phoenix  
  47  4:03  Probe  
  47  4:04  Probe  
  47  4:06  Forge  
  47  4:07  Blink  
  49  4:13  Probe x2  
  51  4:21  Probe  
  51  4:25  Assimilator, Probe  
  51  4:30  Probe  
  53  4:35  Protoss Ground Weapons Level 1  
  53  4:37  Probe  
  55  4:42  Probe  
  56  4:47  Gateway  
  56  4:49  Probe  
  56  4:50  Gateway  
  57  4:54  Probe  
  57  4:57  Phoenix  
  58  5:00  Stalker x2  
  62  5:08  Pylon  
  62  5:14  Pylon  
  62  5:19  Nexus  
  62  5:28  Probe  
  62  5:29  Probe  
  62  5:30  Pylon  
  62  5:32  Stalker x2  
  68  5:41  Phoenix, Probe x2  
  70  5:44  Stalker x2  
  74  5:53  Probe  
  75  5:59  Robotics Facility  
  75  6:01  Charge  
  75  6:06  Gateway x2  
  75  6:07  Protoss Ground Weapons Level 2  
  75  6:14  Gateway  
  75  6:15  Templar Archives  
  75  6:17  Gateway  
  75  6:26  Zealot x3  
  81  6:33  Probe x2  
  81  6:34  Probe  
  81  6:37  Shield Battery  
  84  6:43  Phoenix  
  84  6:47  Zealot x3  
  90  6:55  Pylon  
  90  6:56  Probe x3  
  90  6:58  Assimilator  
  90  6:59  Observer  
  90  7:00  Assimilator  
  94  7:04  High Templar x2  
  94  7:07  Pylon  
  98  7:08  Probe  
  98  7:09  Archon  
  98  7:11  Probe x2  
  98  7:12  Pylon  
  98  7:15  Pylon  
  101  7:16  Probe  
  101  7:18  Assimilator  
  100  7:23  Probe x2  
  100  7:25  Probe  
  100  7:28  Immortal  
  107  7:34  Pylon  
  107  7:35  Probe x2  
  109  7:37  Probe  
  109  7:38  Photon Cannon  
  110  7:45  High Templar x2, Zealot  
  110  7:47  Probe  
  110  7:50  Archon  
  117  7:54  Pylon  
  117  7:57  Phoenix  
  117  8:01  Protoss Ground Weapons Level 3  
  117  8:03  Nexus  
  117  8:06  Pylon  
  117  8:07  Warp Prism  
  117  8:08  Photon Cannon  
  117  8:11  Probe  
  117  8:12  Probe x2  
  122  8:13  High Templar x2  
  122  8:19  Archon  
  126  8:24  Zealot  
  126  8:25  Zealot x3  
  134  8:34  Phoenix  
  134  8:35  Zealot x2  
  136  8:46  Pylon  
  136  8:48  Probe x3  
  139  8:49  High Templar x3  
  139  8:51  High Templar  
  147  8:56  Photon Cannon, Pylon  
  147  8:57  Archon x2  
  147  9:08  Photon Cannon  
  147  9:10  High Templar x2, Zealot x2  
  147  9:11  Pylon  
  147  9:15  Archon  
  155  9:23  Pylon  
  155  9:25  Probe x3  
  155  9:29  High Templar  
  155  9:30  High Templar, Zealot x2  
  166  9:34  Archon  
  166  9:35  Gateway, Zealot x2  
  166  9:36  Gateway  
  170  9:41  Photon Cannon  
  170  9:42  Assimilator, Zealot  
  170  9:43  Zealot  
  170  9:46  Assimilator  
  170  9:48  Shield Battery  
  170  9:50  Zealot x2  
  174  9:55  Zealot x2  
  178  10:06  Zealot x4  
  182  10:17  Robotics Bay  
  182  10:19  Robotics Facility  
  182  10:21  Zealot x4  
  190  10:28  High Templar x3  
  196  10:36  Archon  
  196  10:50  Dark Shrine  
  196  10:52  Pylon  
  196  10:54  High Templar  
  195  10:59  Archon  
  173  11:12  Zealot x6  
  173  11:13  Zealot x2  
  173  11:16  Zealot  
  151  11:20  Immortal, Protoss Shields Level 1  
  118  11:27  Zealot  
  114  11:32  Zealot x2  
  114  11:33  Zealot x2  
  114  11:39  Disruptor, Probe x2  
  117  11:49  Disruptor, High Templar x5  
  117  11:50  High Templar  
  117  11:54  Photon Cannon  
  129  11:56  Photon Cannon  
  129  11:57  Archon x3  
  129  11:59  Nexus  
  129  12:00  Shield Battery  
  129  12:01  Pylon  
  132  12:02  Photon Cannon, Zealot x4  
  132  12:03  Shadow Stride, Probe  
  132  12:04  Probe x3  
  132  12:07  Disruptor  
  144  12:17  Pylon  
  144  12:18  Gravitic Boosters  
  147  12:23  Observer  
  147  12:26  Zealot x5  
  147  12:29  Pylon  
  158  12:33  Photon Cannon  
  158  12:35  Disruptor  
  158  12:36  Disruptor  
  158  12:37  Shield Battery  
  158  12:42  Photon Cannon, Stalker x3  
  167  12:44  Photon Cannon  
  167  12:50  Shield Battery  
  170  12:52  Pylon  
  170  12:59  Dark Templar x3  
  170  13:04  Probe x2  
  170  13:05  Probe  
  177  13:09  Dark Templar x2, Disruptor  
  184  13:13  Dark Templar  
  186  13:24  Protoss Shields Level 2  
  186  13:25  Dark Templar x3  
  186  13:26  Dark Templar  
  194  13:31  Photon Cannon  
  194  13:32  Dark Templar  
  196  13:36  Photon Cannon  
  196  13:42  Assimilator  
  196  13:46  Assimilator  
  196  13:53  Disruptor  
  195  14:13  Disruptor  
  195  14:22  Zealot x2  
  195  14:32  Stargate  
  195  14:35  Disruptor  
  194  14:50  Nexus  
  194  14:51  Stargate  
  180  15:15  Photon Cannon  
  180  15:18  Observer x2  
  180  15:20  Dark Templar x5  
  180  15:21  Dark Templar x4  
  196  15:31  Photon Cannon  
  196  15:33  Photon Cannon  
  196  15:34  Shield Battery  
  196  15:36  Observer x2  
  196  15:37  Pylon  
  196  15:40  Unknown  
  198  15:42  Fleet Beacon  
  198  15:45  Unknown  
  198  16:12  Oracle  
  196  16:25  Protoss Shields Level 3  
  197  16:33  Stargate  
  197  16:43  Stargate  
  183  16:54  Tempest  
  183  17:01  Stalker x7  
  187  17:02  Stalker, Tempest  
  190  17:19  Protoss Air Weapons Level 1  
  190  17:20  Tempest  
  189  17:29  Nexus  
  186  17:31  Zealot x7  
  186  17:34  Tempest  
  190  17:48  Zealot x3  
  183  17:57  Tempest  
  183  17:58  Tempest  
  181  18:03  Tempest  
  184  18:14  Dark Templar x3, Pylon  
  184  18:18  Tempest  
  195  18:24  Nexus  
  195  18:32  Nexus  
  195  18:33  Pylon  
  200  18:35  Pylon  
  198  19:08  Photon Cannon  
  195  19:10  Assimilator  
  195  19:11  Assimilator  
  195  19:12  Shield Battery  
  195  19:13  Shield Battery  
  195  19:15  Photon Cannon  
  195  19:16  Photon Cannon, Zealot  
  193  19:24  High Templar x3  
  193  19:28  Pylon  
  193  19:31  High Templar  
  195  19:34  Archon  
  195  19:35  Archon  
  195  19:49  Zealot x5  
  194  20:02  Gateway  
  194  20:04  Gateway  
  194  20:07  Pylon  
  194  20:09  Pylon  
Tags
 
Add a new tag
Caveats
  • Supply blocks, unpowered buildings, or Contaminate may cause inaccurate times.
  • Supply counts are checked every 10 seconds.